| TOP OF THE 1ST |
|
New Jersey Devils batting - Pitching for Hamilton Cardinals : LHP J.T. Ready
|
|
Pitching: LHP J.T. Ready
|
|
|
Batting: RHB Sam Callahan
|
0-0: Reached on error, E4 (Flyball, 34D, EV 95.0 MPH)
|
|
Batting: RHB Bill Crogan
|
0-0: Called Strike 0-1: Called Strike Sam Callahan is caught stealing 2nd base 2-4 0-2: Ball 1-2: Foul Ball, location: 2F 1-2: Strikes out looking
|
|
Batting: RHB Nate Henderson
|
0-0: Foul Ball, location: 2F 0-1: Ball 1-1: Foul Ball, location: 2F 1-2: Foul Ball, location: 2F 1-2: Ball 2-2: Foul Ball, location: 2F 2-2: Strikes out looking
|
| Top of the 1st over - 0 runs, 0 hits, 1 error, 0 left on base; New Jersey 0 - Hamilton 0 |
| BOTTOM OF THE 1ST |
|
Hamilton Cardinals batting - Pitching for New Jersey Devils : RHP Mark Paddock
|
|
Pitching: RHP Mark Paddock
|
|
|
Batting: RHB Nick Latulippe
|
0-0: Foul Ball, location: 2F 0-1: Called Strike 0-2: Fly out, F4 (Popup, 34D, EV 50.0 MPH)
|
|
Batting: LHB Ken Morehead
|
0-0: Ball 1-0: Ball 2-0: Ball 3-0: Base on Balls
|
|
Batting: RHB Chris Rouleau
|
0-0: Reached on error, E6 (Groundball, 6, EV 110.6 MPH) Ken Morehead to second
|
|
Batting: RHB Bobby Miles
|
0-0: Foul Ball, location: 2F 0-1: Foul Ball, location: 2F 0-2: Foul Ball, location: 2F 0-2: SINGLE (Line Drive, 89S, EV 91.2 MPH) Ken Morehead to third Chris Rouleau to second
|
|
Batting: RHB McGwire Jones
|
0-0: Fielders Choice at 2nd, 6-4 (Groundball, 6, EV 80.6 MPH) Ken Morehead scores Chris Rouleau to third
|
|
Batting: LHB Mike East
|
0-0: Foul Ball, location: 2F 0-1: Swinging Strike Passed Ball! Chris Rouleau scores McGwire Jones to second 0-2: Ball 1-2: Ground out 5-3 (Groundball, 56S, EV 78.8 MPH)
|
| Bottom of the 1st over - 2 runs, 1 hit, 1 error, 1 left on base; New Jersey 0 - Hamilton 2 |
| TOP OF THE 2ND |
|
New Jersey Devils batting - Pitching for Hamilton Cardinals : LHP J.T. Ready
|
|
Batting: RHB Eric Zylstra
|
0-0: Swinging Strike 0-1: Ball 1-1: Ball 2-1: Ground out 3-1 (Groundball, 34, EV 88.8 MPH)
|
|
Batting: RHB Juan Medina
|
0-0: Fly out, F9 (Flyball, 9LSF, EV 71.9 MPH)
|
|
Batting: LHB Brad Guffin
|
0-0: Ground out 6-3 (Groundball, 6, EV 79.4 MPH)
|
| Top of the 2nd over - 0 runs, 0 hits, 0 errors, 0 left on base; New Jersey 0 - Hamilton 2 |
| BOTTOM OF THE 2ND |
|
Hamilton Cardinals batting - Pitching for New Jersey Devils : RHP Mark Paddock
|
|
Batting: RHB Sal Guzman
|
0-0: Called Strike 0-1: Swinging Strike 0-2: Strikes out swinging
|
|
Batting: RHB Scott Webb
|
0-0: Foul Ball, location: 2F 0-1: Called Strike 0-2: Ball 1-2: SINGLE (Line Drive, 7S, EV 93.8 MPH)
|
|
Batting: SHB J.T. Ready
|
0-0: Called Strike 0-1: Ball 1-1: Ball 2-1: Fly out, F8 (Flyball, 8RM, EV 88.1 MPH)
|
|
Batting: RHB Nick Latulippe
|
0-0: Ball 1-0: Ball 2-0: Ball 3-0: Called Strike 3-1: Swinging Strike Passed Ball! Scott Webb to second 3-2: Base on Balls
|
|
Pitching: LHP Joe Edwards
|
|
|
Batting: LHB Ken Morehead
|
0-0: Called Strike 0-1: Called Strike 0-2: Strikes out swinging
|
| Bottom of the 2nd over - 0 runs, 1 hit, 0 errors, 2 left on base; New Jersey 0 - Hamilton 2 |
| TOP OF THE 3RD |
|
New Jersey Devils batting - Pitching for Hamilton Cardinals : LHP J.T. Ready
|
|
Batting: RHB Dan Mathews
|
0-0: Ball 1-0: Ball 2-0: Ball 3-0: Called Strike 3-1: Ground out 4-3 (Groundball, 4, EV 90.0 MPH)
|
|
Batting: RHB Justin Williams
|
0-0: Ball 1-0: Foul Ball, location: 2F 1-1: Foul Ball, location: 2F 1-2: Foul Ball, location: 2F 1-2: Foul Ball, location: 2F 1-2: Ball 2-2: Foul Ball, location: 2F 2-2: Strikes out swinging
|
|
Batting: RHB Emanuel Anochondo
|
0-0: Ball 1-0: SINGLE (Groundball, 6MD, EV 94.4 MPH)
|
|
Batting: RHB Sam Callahan
|
0-0: Called Strike 0-1: SINGLE (Line Drive, 34D, EV 106.2 MPH) Emanuel Anochondo to second
|
|
Batting: RHB Bill Crogan
|
0-0: Swinging Strike 0-1: Foul Ball, location: 2F 0-2: Ball 1-2: Ball 2-2: Foul Ball, location: 2F 2-2: Strikes out swinging
|
| Top of the 3rd over - 0 runs, 2 hits, 0 errors, 2 left on base; New Jersey 0 - Hamilton 2 |
| BOTTOM OF THE 3RD |
|
Hamilton Cardinals batting - Pitching for New Jersey Devils : LHP Joe Edwards
|
|
Batting: RHB Chris Rouleau
|
0-0: Foul Ball, location: 2F 0-1: Foul Ball, location: 2F 0-2: Foul Ball, location: 2F 0-2: SINGLE (Line Drive, 7LM, EV 89.4 MPH)
|
|
Batting: RHB Bobby Miles
|
0-0: Ball 1-0: SINGLE (Flyball, 6D, EV 91.2 MPH) Chris Rouleau to second
|
|
Batting: RHB McGwire Jones
|
0-0: Called Strike 0-1: Ball Passed Ball! Chris Rouleau to third Bobby Miles to second 1-1: Ball Passed Ball! Chris Rouleau scores Bobby Miles to third 2-1: Ball 3-1: Called Strike 3-2: Strikes out swinging
|
|
Batting: LHB Mike East
|
0-0: Ball 1-0: Swinging Strike 1-1: Ball 2-1: Swinging Strike 2-2: Strikes out swinging
|
|
Pitching: LHP Antonio Davila
|
|
|
Batting: RHB Sal Guzman
|
0-0: Ball 1-0: Swinging Strike 1-1: Called Strike 1-2: Strikes out swinging
|
| Bottom of the 3rd over - 1 run, 2 hits, 0 errors, 1 left on base; New Jersey 0 - Hamilton 3 |
| TOP OF THE 4TH |
|
New Jersey Devils batting - Pitching for Hamilton Cardinals : LHP J.T. Ready
|
|
Batting: RHB Nate Henderson
|
0-0: Called Strike 0-1: Foul Ball, location: 2F 0-2: Strikes out looking
|
|
Batting: RHB Eric Zylstra
|
0-0: Called Strike 0-1: Swinging Strike 0-2: Strikes out looking
|
|
Batting: RHB Juan Medina
|
0-0: DOUBLE (Flyball, 7LD, EV 111.2 MPH)
|
|
Batting: LHB Brad Guffin
|
0-0: Ball 1-0: Foul Ball, location: 2F 1-1: Swinging Strike 1-2: Ball 2-2: Foul Ball, location: 2F 2-2: SINGLE (Groundball, 25, EV 60.6 MPH) (infield hit) Juan Medina to third
|
|
Batting: RHB Dan Mathews
|
0-0: Ball 1-0: Swinging Strike 1-1: Foul Ball, location: 2F 1-2: Ball 2-2: SINGLE (Groundball, 6MD, EV 105.0 MPH) Juan Medina scores Brad Guffin to second
|
|
Batting: RHB Justin Williams
|
0-0: Called Strike 0-1: Called Strike 0-2: Ball 1-2: Ball 2-2: SINGLE (Groundball, 6, EV 94.4 MPH) Brad Guffin to third Dan Mathews to second Runner from 3rd tries for Home, SAFE, throw by CF to home
|
|
Pitching: RHP Joey Black
|
|
|
Batting: RHB Emanuel Anochondo
|
0-0: Swinging Strike 0-1: Ball 1-1: Called Strike 1-2: Strikes out swinging
|
| Top of the 4th over - 2 runs, 4 hits, 0 errors, 2 left on base; New Jersey 2 - Hamilton 3 |
| BOTTOM OF THE 4TH |
|
Hamilton Cardinals batting - Pitching for New Jersey Devils : LHP Antonio Davila
|
|
Batting: RHB Scott Webb
|
0-0: Ball 1-0: Ball 2-0: Ball 3-0: Called Strike 3-1: Base on Balls
|
|
Batting: SHB J.T. Ready
|
0-0: Ball Passed Ball! Scott Webb to second 1-0: Ball 2-0: Called Strike 2-1: Swinging Strike 2-2: Strikes out swinging
|
|
Batting: RHB Nick Latulippe
|
0-0: Called Strike 0-1: Ball 1-1: Called Strike 1-2: Ground out 1-3 (Groundball, 13S, EV 68.8 MPH) Scott Webb to third
|
|
Pitching: LHP Jesus Espitia
|
|
|
Batting: LHB Ken Morehead
|
0-0: Ball 1-0: Ball 2-0: Ball Wild Pitch! Scott Webb scores 3-0: Called Strike 3-1: Swinging Strike 3-2: SINGLE (Flyball, 9LS, EV 83.8 MPH)
|
|
Batting: RHB Chris Rouleau
|
0-0: Ball 1-0: Ball 2-0: Called Strike 2-1: Foul Ball, location: 2F 2-2: Fielders Choice at 2nd, 5-4 (Groundball, 5L, EV 77.5 MPH)
|
| Bottom of the 4th over - 1 run, 1 hit, 0 errors, 1 left on base; New Jersey 2 - Hamilton 4 |
| TOP OF THE 5TH |
|
New Jersey Devils batting - Pitching for Hamilton Cardinals : RHP Joey Black
|
|
Batting: RHB Sam Callahan
|
0-0: Ball 1-0: Ball 2-0: Called Strike 2-1: Ground out 5-3 (Groundball, 56S, EV 86.2 MPH)
|
|
Batting: RHB Bill Crogan
|
0-0: Ball 1-0: Called Strike 1-1: Foul Ball, location: 2F 1-2: Ball 2-2: Ball 3-2: SOLO HOME RUN (Line Drive, 8RXD, EV 116.2 MPH), Distance : 449 ft
|
|
Batting: RHB Nate Henderson
|
0-0: Ball 1-0: Ball 2-0: Called Strike 2-1: Foul Ball, location: 2F 2-2: Foul Ball, location: 2F 2-2: Foul Ball, location: 2F 2-2: Ball 3-2: Ground out 3-1 (Groundball, 13, EV 78.1 MPH)
|
|
Batting: RHB Eric Zylstra
|
0-0: Ball 1-0: Ball 2-0: SINGLE (Groundball, 56S, EV 68.8 MPH) (infield hit)
|
|
Batting: RHB Juan Medina
|
0-0: Ball 1-0: Ball 2-0: Called Strike 2-1: SINGLE (Groundball, 4, EV 106.9 MPH) Eric Zylstra to second Runner from 2nd tries for 3rd, SAFE, throw by CF made to third
|
|
Batting: LHB Brad Guffin
|
0-0: Called Strike 0-1: Ball 1-1: Foul Ball, location: 2F 1-2: Fly out, F7 (Line Drive, 7D, EV 91.9 MPH)
|
| Top of the 5th over - 1 run, 3 hits, 0 errors, 2 left on base; New Jersey 3 - Hamilton 4 |
| BOTTOM OF THE 5TH |
|
Hamilton Cardinals batting - Pitching for New Jersey Devils : LHP Jesus Espitia
|
|
Batting: RHB Bobby Miles
|
0-0: Ball 1-0: Foul Ball, location: 2F 1-1: Ball 2-1: Swinging Strike 2-2: Strikes out swinging
|
|
Batting: RHB McGwire Jones
|
0-0: Called Strike 0-1: SOLO HOME RUN (Flyball, 7D, EV 108.8 MPH), Distance : 396 ft
|
|
Pitching: RHP Jeremy Delka
|
|
|
Batting: LHB Mike East
|
0-0: Ground out U3 (Groundball, 3, EV 83.1 MPH)
|
|
Batting: RHB Sal Guzman
|
0-0: Swinging Strike 0-1: Ball 1-1: Swinging Strike 1-2: Strikes out looking
|
| Bottom of the 5th over - 1 run, 1 hit, 0 errors, 0 left on base; New Jersey 3 - Hamilton 5 |
| TOP OF THE 6TH |
|
New Jersey Devils batting - Pitching for Hamilton Cardinals : RHP Joey Black
|
|
Batting: RHB Dan Mathews
|
0-0: Foul Ball, location: 2F 0-1: Ball 1-1: Ball 2-1: Ball 3-1: Base on Balls
|
|
Batting: RHB Justin Williams
|
0-0: Foul Ball, location: 2F 0-1: Foul Ball, location: 2F 0-2: Ball 1-2: SINGLE (Line Drive, 8RS, EV 110.0 MPH) Dan Mathews to second
|
|
Batting: RHB Emanuel Anochondo
|
0-0: Bunted foul 0-1: Sac Bunt to 15 - play at first, batter OUT! 1-4 Dan Mathews to third Justin Williams to second
|
|
Batting: RHB Sam Callahan
|
0-0: Fly out, F8 (Flyball, 8RD, EV 90.6 MPH)
|
|
Batting: RHB Bill Crogan
|
0-0: Ball 1-0: Foul Ball, location: 2F 1-1: Ball 2-1: Ball 3-1: Base on Balls
|
|
Batting: RHB Nate Henderson
|
0-0: Ball 1-0: Ball 2-0: Foul Ball, location: 2F 2-1: Foul Ball, location: 2F Balk! Dan Mathews scores Justin Williams to third Bill Crogan to second 2-2: Foul Ball, location: 2F 2-2: Ball 3-2: Fly out, F7 (Flyball, 7, EV 86.9 MPH)
|
| Top of the 6th over - 1 run, 1 hit, 0 errors, 2 left on base; New Jersey 4 - Hamilton 5 |
| BOTTOM OF THE 6TH |
|
Hamilton Cardinals batting - Pitching for New Jersey Devils : RHP Jeremy Delka
|
|
Batting: RHB Scott Webb
|
0-0: Ball 1-0: Ball 2-0: Ground out 6-3 (Groundball, 6, EV 91.9 MPH)
|
|
Batting: SHB J.T. Ready
|
0-0: Called Strike 0-1: Ball 1-1: Swinging Strike 1-2: Strikes out swinging
|
|
Batting: RHB Nick Latulippe
|
0-0: Ball 1-0: Ball 2-0: SINGLE (Groundball, 34D, EV 104.4 MPH)
|
|
Batting: LHB Ken Morehead
|
0-0: Called Strike 0-1: Called Strike Nick Latulippe steals 2nd base (no throw) 0-2: Ball 1-2: Ball 2-2: Ball 3-2: Ground out U3 (Groundball, 34, EV 87.5 MPH)
|
| Bottom of the 6th over - 0 runs, 1 hit, 0 errors, 1 left on base; New Jersey 4 - Hamilton 5 |
| TOP OF THE 7TH |
|
New Jersey Devils batting - Pitching for Hamilton Cardinals : RHP Joey Black
|
|
Batting: RHB Eric Zylstra
|
0-0: Called Strike 0-1: Foul Ball, location: 2F 0-2: Foul Ball, location: 2F 0-2: Strikes out swinging
|
|
Pitching: RHP Steve Hansen
|
|
|
Batting: RHB Juan Medina
|
0-0: SINGLE (Groundball, 3D, EV 96.9 MPH)
|
|
Batting: LHB Brad Guffin
|
0-0: Bunted foul 0-1: Bunted foul 0-2: Bunted foul, Strikeout!
|
|
Batting: RHB Dan Mathews
|
0-0: Ball 1-0: Foul Ball, location: 2F 1-1: Fly out, F7 (Flyball, 78M, EV 86.9 MPH)
|
| Top of the 7th over - 0 runs, 1 hit, 0 errors, 1 left on base; New Jersey 4 - Hamilton 5 |
| BOTTOM OF THE 7TH |
|
Hamilton Cardinals batting - Pitching for New Jersey Devils : RHP Jeremy Delka
|
|
Pitching: LHP Bryce Anderson
|
|
|
Batting: RHB Chris Rouleau
|
0-0: Foul Ball, location: 2F 0-1: Fly out, F8 (Flyball, 78M, EV 90.6 MPH)
|
|
Batting: RHB Bobby Miles
|
0-0: Ball 1-0: Swinging Strike 1-1: Foul Ball, location: 2F 1-2: Ball 2-2: Ball 3-2: Base on Balls
|
|
Batting: RHB McGwire Jones
|
0-0: Foul Ball, location: 2F 0-1: Ball Bobby Miles steals 2nd base 1-1: Foul Ball, location: 2F 1-2: Ball 2-2: Ball 3-2: Strikes out looking
|
|
Batting: LHB Mike East
|
0-0: Ball Passed Ball! Bobby Miles to third 1-0: Foul Ball, location: 2F 1-1: Ball 2-1: Ground out 4-3 (Groundball, 4S, EV 86.2 MPH)
|
| Bottom of the 7th over - 0 runs, 0 hits, 0 errors, 1 left on base; New Jersey 4 - Hamilton 5 |
| TOP OF THE 8TH |
|
New Jersey Devils batting - Pitching for Hamilton Cardinals : RHP Steve Hansen
|
|
Batting: RHB Justin Williams
|
0-0: Ball 1-0: Foul Ball, location: 2F 1-1: Fly out, F8 (Flyball, 8RM, EV 81.2 MPH)
|
|
Batting: RHB Emanuel Anochondo
|
0-0: Foul Ball, location: 2F 0-1: Ground out 4-3 (Groundball, 34, EV 85.0 MPH)
|
|
Batting: RHB Sam Callahan
|
0-0: Ground out 4-3 (Groundball, 34, EV 85.6 MPH)
|
| Top of the 8th over - 0 runs, 0 hits, 0 errors, 0 left on base; New Jersey 4 - Hamilton 5 |
| BOTTOM OF THE 8TH |
|
Hamilton Cardinals batting - Pitching for New Jersey Devils : LHP Bryce Anderson
|
|
Batting: RHB Sal Guzman
|
0-0: Foul Ball, location: 2F 0-1: Ball 1-1: Foul Ball, location: 2F 1-2: SOLO HOME RUN (Flyball, 9D, EV 99.4 MPH), Distance : 388 ft
|
|
Batting: RHB Scott Webb
|
0-0: Ball 1-0: Called Strike 1-1: Fly out, F9 (Flyball, 89S, EV 79.4 MPH)
|
|
Batting: SHB J.T. Ready
|
0-0: DOUBLE (Groundball, 5L, EV 110.0 MPH)
|
|
Batting: RHB Nick Latulippe
|
0-0: Intentional Walk
|
|
Batting: LHB Ken Morehead
|
0-0: Ball 1-0: Ball 2-0: Ball 3-0: Base on Balls J.T. Ready to third Nick Latulippe to second
|
|
Batting: RHB Chris Rouleau
|
0-0: Ball 1-0: Foul Ball, location: 2F 1-1: GRAND SLAM HOME RUN (Flyball, 9LD, EV 95.0 MPH), Distance : 358 ft
|
|
Batting: RHB Bobby Miles
|
0-0: Ball 1-0: Ball 2-0: Ball 3-0: Called Strike 3-1: Called Strike 3-2: Base on Balls
|
|
Batting: RHB McGwire Jones
|
0-0: Ball 1-0: Foul Ball, location: 2F 1-1: Foul Ball, location: 2F 1-2: Ball 2-2: Strikes out looking
|
|
Batting: LHB Mike East
|
0-0: Called Strike 0-1: Ball 1-1: Fly out, F8 (Flyball, 8RD, EV 110.0 MPH)
|
| Bottom of the 8th over - 5 runs, 3 hits, 0 errors, 1 left on base; New Jersey 4 - Hamilton 10 |
| TOP OF THE 9TH |
|
New Jersey Devils batting - Pitching for Hamilton Cardinals : RHP Steve Hansen
|
|
Batting: RHB Bill Crogan
|
0-0: Called Strike 0-1: Ground out 5-3 (Groundball, 56, EV 90.0 MPH)
|
|
Batting: RHB Nate Henderson
|
0-0: Ball 1-0: Ball 2-0: Ball 3-0: Base on Balls
|
|
Batting: RHB Eric Zylstra
|
0-0: Fly out, F9 (Flyball, 89M, EV 85.0 MPH)
|
|
Batting: RHB Juan Medina
|
0-0: Called Strike 0-1: Ball 1-1: Ground out 1-3 (Groundball, 25, EV 68.8 MPH)
|
| Top of the 9th over - 0 runs, 0 hits, 0 errors, 1 left on base; New Jersey 4 - Hamilton 10 |
|